 Dungeon Crawl Stone Soup version 0.32-a0-540-g866d13106e (webtiles) character file.

Game seed: 17127558324340264033

9 grandjackal the Slasher (level 2, -2/22 HPs)
             Began as a Demonspawn Gladiator on Feb 29, 2024.
             Frozen to death by an endoplasm (4 damage)
             ... on level 1 of the Dungeon.
             The game lasted 00:00:21 (262 turns).

grandjackal the Slasher (Demonspawn Gladiator)       Turns: 262, Time: 00:00:22

Health: -2/22      AC:  3    Str: 14    XL:     2   Next: 3%
Magic:  0/2        EV: 12    Int:  8    God:
Gold:   20         SH:  0    Dex: 14    Spells: 1/1 levels left

rFire   . . .        a - +0 long sword
rCold   . . .        (no shield)
rNeg    . . .        b - +0 leather armour
rPois   .            (helmet restricted)
rElec   .            (no cloak)
rCorr   .            (no gloves)
SInv    .            (no boots)
Will    .....        f - amulet of guardian spirit
Stlth   +            (no ring)
HPRegen 0.23/turn    (no ring)
MPRegen 0.08/turn

%: guardian spirit
@: no status effects
A: antennae 1
a: no special abilities


You were on level 1 of the Dungeon.
You visited 1 branch of the dungeon, and saw 1 of its levels.

You collected 20 gold pieces.

Inventory:

Hand Weapons
 a - a +0 long sword (weapon)
Missiles
 d - 3 throwing nets (quivered)
 e - a javelin
Armour
 b - a +0 leather armour (worn)
 c - a +0 helmet
Jewellery
 f - an amulet of guardian spirit (around neck)
 g - a +6 ring of dexterity


   Skills:
 + Level 2.2 Fighting
 + Level 2.8 Long Blades
 - Level 2.0 Throwing
 + Level 2.8 Dodging


You had one spell level left.
You didn't know any spells.
Your spell library was empty.

Dungeon Overview and Level Annotations

Branches:
Dungeon (1/15)

Altars:


Innate Abilities, Weirdness & Mutations

You have a pair of small antennae on your head.


Message History

The endoplasm quivers.
A goblin comes into view. It is wielding a +0 club.
A hobgoblin comes into view.
The hobgoblin shouts!
The endoplasm barely misses you.
You closely miss the goblin. The goblin hits you with a +0 club.
The endoplasm freezes you.
You are frozen.
You hit the goblin but do no damage. The goblin closely misses you.
The endoplasm hits you but does no damage.
The endoplasm barely misses you. The goblin closely misses you.
You hit the goblin.
The goblin is heavily wounded.
The hobgoblin hits you but does no damage.
The endoplasm freezes you.
You are frozen.
The goblin hits you with a +0 club.
You closely miss the goblin.
The goblin is heavily wounded.
The hobgoblin hits you. The goblin barely misses you. The endoplasm hits you.
You barely miss the goblin.
The goblin is heavily wounded.
The hobgoblin hits you. The goblin barely misses you.
The endoplasm closely misses you.
You are too injured to fight recklessly!
You are too injured to fight recklessly!
You hit the goblin.
You kill the goblin!
The hobgoblin hits you. The endoplasm freezes you.
You are frozen.
* * * LOW HITPOINT WARNING * * *
The endoplasm barely misses you. The hobgoblin barely misses you.
You have reached level 2!
Your demonic ancestry asserts itself...
A pair of antennae grows on your head!
Your +0 helmet falls away!
You hit the endoplasm but do no damage. The endoplasm freezes you.
You are frozen.
You die...

..# (.## #.# ...# #.#
...# ####.####### ...##
#........... ....#######
#........... ..#..##...
#..#........
####.##.#####....g......
#....#.#.....@J......
###..........).......
##.#....####.......
#.#...## ....... #.#.###
....... #.#.# #######
#.#^# #...# #.###


You could see an endoplasm and a hobgoblin.

Vanquished Creatures
  A ball python (D:1)
  An endoplasm (D:1)
  A giant cockroach (D:1)
  2 goblins (D:1)
  A quokka (D:1)
  A rat (D:1)
7 creatures vanquished.

Notes
Turn   | Place    | Note
-------+----------+-------------------------------------------
     0 | D:1      | grandjackal the Demonspawn Gladiator began the quest for
                  | the Orb.
     0 | D:1      | Reached XP level 1. HP: 16/16 MP: 1/1
   262 | D:1      | Gained mutation: You have a pair of small antennae on your
                  | head. [demonic ancestry]
   262 | D:1      | Reached XP level 2. HP: 2/22 MP: 0/2
   262 | D:1      | Frozen to death by an endoplasm

Illustrated notes

Levels and vault maps discovered:
D:1:      dpeg_arrival_connections, layout_basic, chequers_serial_rivers_small_b

Skill      XL: |  1 |
---------------+----+-----
Throwing       | 2 |  2.0
Fighting       | |  2.2
Long Blades    | |  2.8
Dodging        | |  2.8

Action                     || total
---------------------------++-------
  Melee: Long sword        ||    25
 Armour: Leather armour    ||    20
  Dodge: Dodged            ||    17

Table legend: (Time is in decaauts)
 A = Elapsed time spent in this place.
 B = Non-inter-level travel time spent in this place.
 C = Inter-level travel time spent in this place.
 D = Time resting spent in this place.
 E = Time spent auto-exploring this place.
 F = Levels seen in this place.
 G = Mean time per level.
                   A        B        C        D        E       F      G
               +--------+--------+--------+--------+--------+-----+--------+
         Total |    268 |    268 |      0 |     34 |    164 |   1 |  268.0 |
       Dungeon |    268 |    268 |      0 |     34 |    164 |   1 |  268.0 |
               +--------+--------+--------+--------+--------+-----+--------+

Top non-repeatable levels by time:
     D:1: 268 daAuts
